 Dungeon Crawl Stone Soup version 0.28.0-53-g5a82cb258f (webtiles) character file.

Game seed: 10335106665240919416

7393 Gabide the Fighter (level 11, -2/89 (93) HPs)
             Began as a Barachi Monk on Aug 24, 2022.
             Slain by an orc knight
             ... wielding a +0 long sword
              (26 damage)
             ... on level 8 of the Dungeon.
             The game lasted 00:30:26 (9376 turns).

Gabide the Fighter (Barachi Monk)                   Turns: 9376, Time: 00:30:27

HP:   -2/89 (93)    AC: 10    Str: 19    XL:     11   Next: 14%
MP:   11/11         EV: 18    Int: 11    God:
Gold: 454           SH:  0    Dex: 18    Spells: 10/10 levels left

rFire   . . .      SeeInvis .   a - +1 dagger (elec)
rCold   . . .      Faith    .   (no shield)
rNeg    . . .      Spirit   .   j - +0 troll leather armour
rPois   .          Reflect  .   (no helmet)
rElec   .          Harm     .   n - +0 cloak
rCorr   .          Rampage  .   h - +0 pair of gloves
Will    .....                   (no boots)
Stlth   ++........              q - amulet of regeneration
HPRegen 1.84/turn               d - +4 ring of protection
MPRegen 0.12/turn               l - +6 ring of strength

@: mighty, lightly drained, slow
A: amphibious, slowness 1, strong legs 1, +LOS, talons 1, mutation resistance 1
a: Hop


You were on level 8 of the Dungeon.
You visited 1 branch of the dungeon, and saw 9 of its levels.

You collected 454 gold pieces.

Inventory:

Hand Weapons
 a - a +1 dagger of electrocution (weapon)
 b - a +2 hunting sling of freezing
 c - a +3 short sword
 o - a +1 dagger of protection
 x - a +1 falchion
Missiles
 e - 9 poisoned darts (quivered)
 r - 121 stones
 F - 10 sling bullets
Armour
 h - a +0 pair of gloves (worn)
 j - a +0 troll leather armour (worn)
 n - a +0 cloak (worn)
 C - a +1 robe of willpower
Jewellery
 d - a +4 ring of protection (left hand)
 k - an amulet of reflection
 l - a +6 ring of strength (right hand)
 p - a ring of fire
 q - an amulet of regeneration (around neck)
Scrolls
 f - 2 scrolls of vulnerability
 g - a scroll of teleportation
 i - 2 scrolls of enchant weapon
 s - 3 scrolls of immolation {unknown}
 t - a scroll of magic mapping
 u - a scroll of enchant armour {unknown}
 v - a scroll of amnesia {unknown}
 y - a scroll of fog {unknown}
 E - a scroll of blinking


   Skills:
 + Level 11.5 Fighting
 + Level 11.5 Long Blades
 - Level 3.0 Slings
 - Level 3.0 Armour
 + Level 11.1 Dodging
 - Level 3.0 Stealth


You had 10 spell levels left.
You didn't know any spells.
Your spell library contained the following spells:

 Spells                   Type           Power      Damage    Failure   Level
 Static Discharge         Conj/Air       0%         N/A       54%         2
 Dispel Undead            Necr           0%         3d6       99%         4
 Sticky Flame             Conj/Fire      0%         2d3       99%         4


Dungeon Overview and Level Annotations

Branches:
Dungeon (9/15)             Temple (0/1) D:5
   Lair: D:8-11         Orc: D:9-12

Altars:
Ashenzari
Dithmenos
Elyvilon
Fedhas
Gozag
Makhleb
Ru
Sif Muna
Uskayaw
Xom
The Shining One

Shops:
D:9 (

Annotations:
D:7 2 transporters, kwasso's ghost, novice VSFi


Innate Abilities, Weirdness & Mutations

You are amphibious.
You cover ground slowly.
You can hop short distances.
You have an extended range of vision and can be seen from far away.
You have sharp toenails.
You are somewhat resistant to further mutation.


Message History

The orc knight closely misses you.
You closely miss the orc knight. Your kick misses the orc knight.
The orc knight is moderately wounded.
You hit the orc knight but do no damage.
The orc knight is moderately wounded.
The orc knight misses you.
You barely miss the orc knight.
You claw the orc knight, but do no damage.
The orc knight is lightly wounded.
The orc knight completely misses you.
You closely miss the orc knight. Your kick misses the orc knight.
The orc knight is lightly wounded.
You hit the orc knight but do no damage.
Lightning courses through the orc knight!!
The orc knight is heavily wounded.
The orc knight hits you with a +0 long sword!
Unknown command.
Unknown command.
Unknown command.
You barely miss the orc knight.
You claw the orc knight, but do no damage.
Your punch misses the orc knight.
The orc knight is heavily wounded.
The orc knight barely misses you.
You hit the orc knight.
Lightning courses through the orc knight!
You claw the orc knight, but do no damage.
The orc knight is severely wounded.
You closely miss the orc knight.
You claw the orc knight, but do no damage.
The orc knight is severely wounded.
The orc knight hits you with a +0 long sword!!
* * * LOW HITPOINT WARNING * * *
You hit the orc knight. Your kick misses the orc knight.
The orc knight is severely wounded.
The orc knight hits you but does no damage.
It was a potion of might.
You feel very mighty all of a sudden.
The orc knight hits you with a +0 long sword!!
You die...

##..###(...(....#.# #
####.###.......).#.# .#
#))†[)[[.........#.###.#
#>##.###..............#
..##.# #.........#.#.#.#
####.# #.........#.#.# ..
#.# #........T#.### ## #
#.###########o#.. #
####..####### #@### #
......u....[## #.........
#
.....######.u############
# .....# ##...u#### #
.....# ####....## ####
.....# ####..# #...
.....# ##.##########...
.....# #..............
.....# ############.u.


You could see an orc knight and a troll.

Vanquished Creatures
  2 centaur warriors (D:8)
  2 two-headed ogres
  Pikel (D:5)
  A manticore (D:8)
  3 trolls
  A hornet (D:9)
  Prince Ribbit (D:5)
  2 wyverns (D:8)
  A yak (D:9)
  2 vampire mosquitoes (D:8)
  Edmund (D:4)
  An acid dragon (D:8)
  A water moccasin (D:9)
  An orc warrior (D:8)
  2 ice beasts
  An ogre (D:8)
  2 centaurs
  4 lemures (D:5)
  A phantom (D:4)
  2 gnoll sergeants (D:9)
  A water moccasin zombie (D:5)
  A scorpion (D:4)
  5 killer bees
  3 wights
  3 howler monkeys
  2 centaur zombies
  A jelly (D:8)
  An orc priest (D:8)
  Crazy Yiuf (D:4)
  A bullfrog skeleton (D:4)
  2 gnoll shamans
  2 hounds
  3 centaur skeletons
  2 iguanas
  A scorpion zombie (D:4)
  7 orc wizards
  2 howler monkey zombies
  8 gnolls
  3 adders
  A shadow imp (D:6)
  2 white imps (D:7)
  An ufetubus (D:5)
  4 worms
  A dart slug (D:1)
  25 orcs
  A bat (D:3)
  6 endoplasms
  6 giant cockroaches
  6 goblins
  4 hobgoblins
  4 quokkas
  2 ball pythons (D:3)
  2 frilled lizards
  7 kobolds
  4 rats (D:1)
157 creatures vanquished.

Vanquished Creatures (others)
  33 plants
33 creatures vanquished.

Grand Total: 190 creatures vanquished

Notes
Turn   | Place    | Note
-------+----------+-------------------------------------------
     0 | D:1      | Gabide the Barachi Monk began the quest for the Orb.
     0 | D:1      | Reached XP level 1. HP: 18/18 MP: 1/1
   246 | D:1      | Reached XP level 2. HP: 21/25 MP: 2/2
  1514 | D:2      | Reached skill level 1 in Armour
  1514 | D:2      | Reached XP level 3. HP: 26/30 MP: 3/3
  1552 | D:2      | Found a faded altar of an unknown god.
  2204 | D:3      | Found a sacrificial altar of Ru.
  2291 | D:3      | Reached XP level 4. HP: 14/37 MP: 4/4
  3493 | D:4      | Reached XP level 5. HP: 43/43 MP: 5/5
  3542 | D:4      | Noticed a phantom
  3562 | D:4      | Killed a phantom
  3563 | D:4      | Reached skill level 5 in Fighting
  3563 | D:4      | Reached skill level 5 in Long Blades
  3563 | D:4      | Reached skill level 5 in Dodging
  3563 | D:4      | Reached XP level 6. HP: 40/51 MP: 6/6
  3698 | D:4      | Found an opulent altar of Gozag.
  3717 | D:4      | Found a large runed translucent door.
  3718 | D:4      | Found a large runed translucent door.
  3756 | D:4      | Noticed Edmund
  3786 | D:4      | Killed Edmund
  3794 | D:4      | Reached XP level 7. HP: 23/57 MP: 7/7
  4286 | D:4      | Found a runed translucent door.
  4287 | D:4      | Noticed Crazy Yiuf
  4299 | D:4      | Killed Crazy Yiuf
  4391 | D:4      | Found a blossoming altar of Fedhas.
  4524 | D:4      | Found a burning altar of Makhleb.
  4564 | D:5      | Entered Level 5 of the Dungeon
  4564 | D:5      | Noticed a +0 hand axe
  4564 | D:5      | Noticed a +0 hand axe
  4564 | D:5      | Found a hide-covered altar of Uskayaw.
  4568 | D:5      | Found a staircase to the Ecumenical Temple.
  4615 | D:5      | Found a white marble altar of Elyvilon.
  4665 | D:5      | Reached skill level 1 in Slings
  4972 | D:5      | Noticed Pikel
  5104 | D:5      | Killed Pikel
  5105 | D:5      | Reached XP level 8. HP: 39/67 MP: 8/8
  5312 | D:5      | Noticed Prince Ribbit
  5320 | D:5      | Killed Prince Ribbit
  5874 | D:6      | Found a glowing golden altar of the Shining One.
  6335 | D:7      | Found a transporter.
  6337 | D:7      | Found a shimmering blue altar of Sif Muna.
  6343 | D:7      | Found a transporter.
  6343 | D:7      | Noticed kwasso's ghost (novice VSFi)
  6374 | D:7      | Noticed a hornet
  6689 | D:7      | Reached XP level 9. HP: 69/74 MP: 9/9
  6854 | D:7      | Found a shadowy altar of Dithmenos.
  7390 | D:8      | Noticed a white ugly thing
  7622 | D:8      | Found a broken altar of Ashenzari.
  7639 | D:9      | Noticed a two-headed ogre
  7670 | D:8      | Killed a two-headed ogre
  7818 | D:8      | Noticed an orc knight
  7819 | D:8      | Noticed a troll
  7819 | D:8      | Noticed a troll
  7842 | D:8      | Reached XP level 10. HP: 38/83 MP: 10/10
  8116 | D:8      | Gained mutation: You are somewhat resistant to further
                  | mutation. [potion of mutation]
  8116 | D:8      | Gained mutation: You have sharp toenails. [potion of
                  | mutation]
  8305 | D:9      | Reached skill level 10 in Fighting
  8305 | D:9      | Reached skill level 10 in Long Blades
  8395 | D:9      | Found Keriodu's Antique Weapon Emporium.
  8558 | D:9      | Reached skill level 10 in Dodging
  8603 | D:9      | Paralysed by a hornet for 2 turns
  8630 | D:9      | Noticed a yaktaur captain
  8634 | D:9      | Noticed a six-headed hydra
  8648 | D:9      | Found a shimmering altar of Xom.
  8755 | D:9      | Noticed a two-headed ogre
  8776 | D:9      | Killed a two-headed ogre
  8956 | D:8      | Noticed a centaur warrior
  8971 | D:8      | Killed a centaur warrior
  9000 | D:8      | Noticed a manticore
  9030 | D:8      | Killed a manticore
  9031 | D:8      | Reached XP level 11. HP: 45/93 MP: 11/11
  9086 | D:8      | Noticed a centaur warrior
  9107 | D:8      | Killed a centaur warrior
  9376 | D:8      | Slain by an orc knight

Illustrated notes

Levels and vault maps discovered:
D:1:      psy_arrival_radial01, layout_loops_corners,
          nicolae_concentric_dashed_squares_wild
D:2:      layout_rooms, basic_ecumenical_altar
D:3:      layout_loops_corners, mainiacjoe_overflow_surrounded_room,
          minivault_11, serial_park_tiny_2
D:4:      layout_gridville, nicolae_gozag_cash_rules_everything_around_me,
          jmf_multi_god_temple2, uniq_crazy_yiuf_cottage, uniq_edmund
D:5:      layout_loops_cross, dancing_weapons_uskayaw, general_overflow_altar,
          minmay_temple_entry_arrows, uniq_prince_ribbit1, uniq_pikel
D:6:      layout_basic, nicolae_tso_swordbearing_angel, serial_co_window_serial,
          co_window_paths_a, co_window_paths_a, co_window_corner_a,
          co_window_corner_a, co_window_corner_a, co_window_of_opportunity_c,
          co_window_corner_b, co_window_of_opportunity_b, co_window_broadway_a,
          glass_columns_c, glass_columns_b, glass_columns_a, glass_columns_b,
          corexii_leaking_fountain, minmay_hedge_maze
D:7:      layout_rooms, overflow_temple_1_default, mainiacjoe_overflow_alcove_2,
          gammafunk_ghost_hive
D:8:      minmay_the_grid_plus [minmay_the_grid_medium_cups,
          minmay_the_grid_garden, minmay_the_grid_dragon_b,
          minmay_the_grid_armoury, minmay_the_grid_prize_big_room],
          layout_rooms, mainiacjoe_overflow_small_starburst
D:9:      nzn_winding_woodlands_stair_cross [nzn_winding_woodlands_5x15_garden,
          nzn_winding_woodlands_center_garden,
          nzn_winding_woodlands_5x15_pockets,
          nzn_winding_woodlands_5x5_closed_star,
          nzn_winding_woodlands_5x5_checkerboard,
          nzn_winding_woodlands_5x15_longhouse,
          nzn_winding_woodlands_center_diamonds,
          nzn_winding_woodlands_5x15_river_crossing], layout_basic,
          nicolae_wu_jian_glorious_leap, old_standard_altar, serial_shops,
          nicolae_shop_hallway_stairs, chequers_serial_rivers_marsh,
          amethyst_killhole, minmay_misc_feat_tower

Skill      XL: |  1  2  3  4  5  6  7  8  9 10 11 |
---------------+----------------------------------+-----
Stealth        | 2 3 |  3.0
Fighting       | 4 5 7 8 9 11 | 11.5
Long Blades    | 4 5 7 8 9 11 | 11.5
Armour         | 1 2 3 |  3.0
Dodging        | 4 5 7 9 10 11 | 11.1
Slings         | 2 3 |  3.0

Action                   |  1- 3 |  4- 6 |  7- 9 | 10-12 || total
-------------------------+-------+-------+-------+-------++-------
Melee: Falchion          |   170 |   129 |   158 |   113 ||   570
       Punch             |     1 |     1 |     3 |     1 ||     6
       Dagger            |       |       |   153 |   100 ||   253
       Kick              |       |       |       |    76 ||    76
 Fire: Hunting sling     |       |       |   169 |    72 ||   241
Throw: Dart              |       |     5 |    11 |     5 ||    21
 Abil: Hop               |       |     1 |     6 |     4 ||    11
Evoke: Wand              |       |     2 |    12 |     5 ||    19
  Use: Scroll            |       |       |    12 |     5 ||    17
       Potion            |       |       |     3 |     5 ||     8
 Stab: Sleeping          |     5 |     1 |       |       ||     6
       Paralysed         |       |    11 |     6 |       ||    17
Armor: Robe              |     5 |       |    41 |    28 ||    74
       Ring mail         |    44 |    57 |    40 |       ||   141
       Troll leather arm |       |       |       |    41 ||    41
Dodge: Dodged            |    96 |    63 |   236 |   244 ||   639
